 Dungeon Crawl Stone Soup version 0.31-a0-233-g139696dc86 (webtiles) character file.

Game seed: 11386573301488470219

747 qw the Skirmisher (level 7, -2/60 HPs)
             Began as a Minotaur Hexslinger on July 7, 2023.
             Slain by a two-headed ogre
             ... wielding a +0 giant club
              (13 damage)
             ... on level 5 of the Dungeon.
             The game lasted 00:01:26 (3772 turns).

qw the Skirmisher (Minotaur Hexslinger)             Turns: 3772, Time: 00:01:27

Health: -2/60      AC:  8    Str: 12    XL:     7   Next: 48%
Magic:  7/7        EV: 16    Int: 10    God:
Gold:   223        SH:  0    Dex: 15    Spells: 7/8 levels left

rFire   . . .        Y - +0 orcbow
rCold   . . .        (shield currently unavailable)
rNeg    . . .        e - +0 ring mail
rPois   .            (helmet restricted)
rElec   +            j - +2 cloak of Recklessness {rElec}
rCorr   +            (no gloves)
SInv    .            (no boots)
Will    .....        (no amulet)
Stlth   +            c - ring of resist corrosion
HPRegen 0.30/turn    b - +5 ring of evasion
MPRegen 0.10/turn

%: no passive effects
@: no status effects
A: horns 2, retaliatory headbutt
a: no special abilities


You were on level 5 of the Dungeon.
You visited 1 branch of the dungeon, and saw 5 of its levels.
You also visited: Sewer.

You collected 223 gold pieces.


Innate Abilities, Weirdness & Mutations

You have a pair of horns on your head.
You reflexively headbutt those who attack you in melee.


   Skills:
 + Level 4.6 Fighting
 - Level 8.0 Ranged Weapons
 - Level 2.4 Armour
 - Level 2.1 Dodging
 - Level 1.0 Spellcasting
 - Level 2.0 Hexes


You had 7 spell levels left.
You knew the following spells:

 Your Spells              Type           Power      Damage    Failure   Level
a - Slow                  Hex            16%        N/A       32%         1

Your spell library contained the following spells:

 Spells                   Type           Power      Damage    Failure   Level
 Inner Flame              Hex/Fire       2%         N/A       83%         3
 Portal Projectile        Hex/Tloc       4%         N/A       83%         3
 Cause Fear               Hex            2%         N/A       97%         4

Inventory:

Hand Weapons
 Y - a +0 orcbow (weapon)
Armour
 e - a +0 ring mail (worn)
 j - the +2 cloak of Recklessness (worn) {rElec}
   (You found it in a sewer)

   rElec:     It insulates you from electricity.
Jewellery
 b - a +5 ring of evasion (right hand)
 c - a ring of resist corrosion (left hand)
Scrolls
 g - a scroll of identify
Potions
 a - a potion of attraction {unknown}
 d - a potion of enlightenment
 f - a potion of brilliance {unknown}
 h - a potion of might {unknown}
 i - a potion of magic {unknown}
 k - a potion of haste {unknown}

Dungeon Overview and Level Annotations

Branches:
Dungeon (5/15)              Sewer (visited)
 Temple: D:4-7

Altars:

Annotations:
D:1 2 transporters


Message History

You shoot an arrow. The arrow hits the two-headed ogre.
The two-headed ogre is moderately wounded.
You shoot an arrow.
The arrow barely misses the two-headed ogre.
The two-headed ogre hits you with a +0 giant club.
The two-headed ogre misses you.
You shoot an arrow.
The arrow closely misses the two-headed ogre.
The two-headed ogre misses you.
The two-headed ogre completely misses you.
You shoot an arrow. The arrow hits the two-headed ogre.
The two-headed ogre is moderately wounded.
The two-headed ogre closely misses you.
The two-headed ogre hits you with a +0 giant club!!
You shoot an arrow.
The arrow closely misses the two-headed ogre.
The two-headed ogre barely misses you.
The two-headed ogre hits you with a +0 giant club!
You shoot an arrow.
The arrow barely misses the two-headed ogre.
You shoot an arrow.
The arrow hits the two-headed ogre but does no damage.
The two-headed ogre is moderately wounded.
The two-headed ogre closely misses you. You furiously retaliate!
You headbutt the two-headed ogre. The two-headed ogre misses you.
You shoot an arrow.
The arrow barely misses the two-headed ogre.
The two-headed ogre barely misses you.
The two-headed ogre hits you with a +0 giant club.
You shoot an arrow. The arrow hits the two-headed ogre!
The two-headed ogre is heavily wounded.
The two-headed ogre barely misses you. You furiously retaliate!
You headbutt the two-headed ogre!
The two-headed ogre hits you with a +0 giant club.
You shoot an arrow.
The arrow hits the two-headed ogre but does no damage.
The two-headed ogre is severely wounded.
The two-headed ogre misses you.
The two-headed ogre hits you with a +0 giant club!
You die...

...........## ##..#.....
............#####..###....
.........##...##..## #...
##.......####.....# ...
........## ##......####..
........# #..........#.
........## #.............
.####....## #.....###.....
##..(@# ......# ##...
#..O..........# ##.
#.......#......# ###
#...##..........###..
#...# .##............
#.... ## ........... .....
.......<... ......
........... #.##..##...


You could see a two-headed ogre.

Vanquished Creatures
  A water moccasin (D:4)
  Pargi (Sewer)
  An ice beast (D:4)
  An ogre (D:5)
  A centaur (D:4)
  A jelly (D:5)
  3 iguanas
  An orc wizard (D:4)
  5 adders
  6 worms
  3 dart slugs
  18 orcs
  8 endoplasms
  6 giant cockroaches
  4 goblins
  4 hobgoblins (D:2)
  12 kobolds
  3 quokkas
  3 ball pythons
  4 bats
  3 frilled lizards
  6 rats
95 creatures vanquished.

Notes
Turn   | Place    | Note
-------+----------+-------------------------------------------
     0 | D:1      | qw the Minotaur Hexslinger began the quest for the Orb.
     0 | D:1      | Reached XP level 1. HP: 16/16 MP: 1/1
     0 | D:1      | 0 ||| qw: Version: 0.3-a-46-gb1f654a
     0 | D:1      | 0 ||| qw: Game counter: 3111
     0 | D:1      | 0 ||| qw: Melee chars always use a shield: true
     0 | D:1      | 0 ||| qw: God list: Okawaru
     0 | D:1      | 0 ||| qw: Allow faded altars: false
     0 | D:1      | 0 ||| qw: Do Orc after clearing Dungeon:15 true
     0 | D:1      | 0 ||| qw: Do second Lair branch before Depths: true
     0 | D:1      | 0 ||| qw: Lair rune preference: random
     0 | D:1      | 0 ||| qw: Goals: Normal
     0 | D:1      | 0 ||| PLANNING D:1-11
   104 | D:1      | Found a faded altar of an unknown god.
   231 | D:1      | Reached skill level 3 in Ranged Weapons
   231 | D:1      | Reached XP level 2. HP: 22/23 MP: 2/2
   442 | D:1      | 442 ||| UPGRADING to +0 ring mail.
   452 | D:1      | 452 ||| DROPPING +0 robe.
   453 | D:1      | 453 ||| READING scroll labelled HAASTO NUOSA.
   454 | D:1      | 454 ||| DROPPING scroll of poison.
   461 | D:2      | 461 ||| STAIRDANCE
   472 | D:2      | 472 ||| STAIRDANCE
   493 | D:2      | 493 ||| STAIRDANCE
   595 | D:2      | Reached XP level 3. HP: 11/30 MP: 3/3
   595 | D:2      | HP: 7/30 [quokka (1)]
   912 | D:2      | Reached skill level 4 in Ranged Weapons
  1044 | D:2      | Reached skill level 1 in Armour
  1216 | D:2      | Reached XP level 4. HP: 31/37 MP: 4/4
  1266 | D:2      | 1266 ||| UPGRADING to ring of resist corrosion.
  1267 | D:2      | 1267 ||| READING scroll labelled OXAIRE GIFFO.
  1268 | D:2      | 1268 ||| READING 2 scrolls labelled FOHUIR HENWU.
  1269 | D:2      | 1269 ||| READING scroll of enchant weapon.
  1269 | D:2      | 1269 ||| ENCHANTING +2 sling.
  1270 | D:2      | 1270 ||| DRINKING 3 ruby potions.
  1271 | D:2      | 1271 ||| DRINKING 2 pink potions.
  1311 | D:2      | 1311 ||| DROPPING 2 potions of invisibility.
  1312 | D:2      | 1312 ||| DROPPING potion of lignification.
  2283 | D:3      | 2283 ||| READING scroll labelled XOTTINT FYAPT.
  2284 | D:3      | 2284 ||| READING scroll labelled LEOPNADENY.
  2285 | D:3      | 2285 ||| READING 3 scrolls labelled ETEOL SAIBEM.
  2286 | D:3      | 2286 ||| READING 2 scrolls of identify.
  2286 | D:3      | 2286 ||| IDENTIFYING cyan potion
  2303 | D:4      | 2303 ||| PLANNING SEWER
  2320 | D:4      | Found a glowing drain.
  2329 | D:4      | 2329 ||| DROPPING +1 robe of positive energy.
  2338 | D:4      | Reached skill level 5 in Ranged Weapons
  2348 | Sewer    | Entered a sewer
  2405 | Sewer    | Identified the +2 cloak of Recklessness {rElec}
  2427 | Sewer    | Noticed Pargi
  2435 | Sewer    | Killed Pargi
  2436 | Sewer    | Reached XP level 5. HP: 27/47 MP: 5/5
  2538 | Sewer    | 2538 ||| UPGRADING to +2 cloak of Recklessness {rElec}.
  2543 | Sewer    | 2543 ||| UPGRADING to +5 ring of evasion.
  2557 | D:4      | 2557 ||| PLANNING D:1-11
  2659 | D:4      | 2659 ||| READING scroll of enchant weapon.
  2659 | D:4      | 2659 ||| ENCHANTING +3 sling.
  2682 | D:4      | Reached XP level 6. HP: 53/53 MP: 6/6
  2712 | D:4      | Noticed a water moccasin
  2715 | D:4      | Killed a water moccasin
  2716 | D:4      | Reached skill level 6 in Ranged Weapons
  2775 | D:4      | 2775 ||| Stepping ~*~*~tactically~*~*~ (outnumbered).
  2777 | D:4      | 2777 ||| FLEEEEING.
  2793 | D:4      | HP: 13/53 [poisoned by a kobold]
  2796 | D:4      | HP: 6/53 [poisoned by a kobold]
  2989 | D:4      | 2989 ||| SWAPPING to +0 orcbow.
  2990 | D:4      | 2990 ||| DROPPING +4 sling.
  3033 | D:4      | Reached skill level 7 in Ranged Weapons
  3046 | D:4      | Noticed an ice beast
  3057 | D:4      | Killed an ice beast
  3058 | D:4      | Reached XP level 7. HP: 45/60 MP: 7/7
  3266 | D:4      | 3266 ||| READING scroll labelled TOMOWO JACEOG.
  3362 | D:4      | 3362 ||| READING scroll labelled TAQ ISTOSIO.
  3367 | D:4      | 3367 ||| READING scroll labelled NOMOALAOSI.
  3374 | D:5      | Entered Level 5 of the Dungeon
  3396 | D:5      | Reached skill level 8 in Ranged Weapons
  3759 | D:5      | Noticed a two-headed ogre
  3771 | D:5      | HP: 11/60 [two-headed ogre/+0 giant club (6)]
  3772 | D:5      | Slain by a two-headed ogre

Levels and vault maps discovered:
D:1:      spicycebolla_arrival_transporter_tutorial, layout_rooms,
          chequers_ecumenical_altar_simple_redux
D:2:      minmay_razor_zed, layout_rooms, kennysheep_generic_room_12
D:3:      layout_loops_corners
D:4:      layout_rooms, cheibrodos_sewer_entry_sluice
D:5:      layout_layer_cave, temple_doors_e, minmay_door_square

Skill      XL: |  1  2  3  4  5  6  7 |
---------------+----------------------+-----
Ranged Weapons | 3 4 5 7 8 |  8.0
Fighting       | 2 4 |  4.6
Armour         | 1 2 |  2.4
Dodging        | |  2.1
Spellcasting   | |  1.0
Hexes          | |  2.0

Action                     |  1- 3 |  4- 6 |  7- 9 || total
---------------------------+-------+-------+-------++-------
   Fire: Sling             |   112 |   176 |       ||   288
         Orcbow            |       |    19 |    37 ||    56
    Use: Scroll            |     1 |     8 |     3 ||    12
         Potion            |       |     2 |       ||     2
 Armour: Robe              |     5 |       |       ||     5
         Ring mail         |    18 |    54 |       ||    72
  Dodge: Dodged            |    33 |    91 |    15 ||   139

Table legend:
 A = Non-vault XP
 B = Vault XP
 C = Vault XP percentage of total XP
 D = Non-vault monster count
 E = Vault monster count
 F = Vault count percentage of total count
                 A         B        C        D         E       F
            +---------+---------+-------+---------+---------+-------
      Total |     844 |     224 |  21.0 |      68 |      27 |  28.4
            +---------+---------+-------+---------+---------+-------
        D:1 |      32 |       0 |   0.0 |      12 |       0 |   0.0
        D:2 |      18 |      55 |  75.3 |       9 |      17 |  65.4
        D:3 |      60 |       0 |   0.0 |      22 |       0 |   0.0
        D:4 |     522 |      17 |   3.2 |      21 |       4 |  16.0
        D:5 |     212 |       0 |   0.0 |       4 |       0 |   0.0
      Sewer |       0 |     152 | 100.0 |       0 |       6 | 100.0
            +---------+---------+-------+---------+---------+-------
